 Dungeon Crawl Stone Soup version 0.16.1-11-g651b585 (webtiles) character file.

94 MaRawlith the Cutter (level 4, 0/36 HPs)
             Began as a Human Chaos Knight on Apr 5, 2015.
             Slain by a gnoll
             ... wielding a +0 spear
              (9 damage)
             ... on level 3 of the Dungeon.
             The game lasted 00:15:29 (1700 turns).

MaRawlith the Cutter (Human Chaos Knight)           Turns: 1700, Time: 00:15:29

Health: 0/36       AC:  5    Str: 12    XL:     4   Next: 94%
Magic:  4/4        EV: 12    Int: 12    God:    Xom [..*...]
Gold:   153        SH:  0    Dex: 14    Spells: 0 memorised, 3 levels left

rFire  . . .     SeeInvis .     a - +0 short sword (chaos)
rCold  + . .     Clarity  .     b - +2 leather armour
rNeg   . . .     SustAb   .     (no shield)
rPois  .         Gourm    .     (no helmet)
rElec  .         Spirit   .     (no cloak)
rCorr  .         Warding  .     (no gloves)
rMut   .         Stasis   .     (no boots)
MR     .....                    (no amulet)
Stlth  +.........               (no ring)
                                l - ring of protection from cold

@: not resistant to hostile enchantments, very unstealthy
A: no striking features
a: Renounce Religion


You were on level 3 of the Dungeon.
You worshipped Xom.
You were a toy of Xom.
You were not hungry.

You visited 1 branch of the dungeon, and saw 3 of its levels.
You also visited: Sewer.

You collected 153 gold pieces.

Inventory:

Hand weapons
 a - a +0 short sword of chaos (weapon)
 e - a +0 spear
 o - a +0 falchion
Missiles
 d - 17 stones (quivered)
Armour
 b - a +2 leather armour (worn)
 h - a +0 leather armour
Jewellery
 l - a ring of protection from cold (left hand)
Scrolls
 m - a scroll of teleportation
 n - a scroll of identify
Potions
 g - 2 potions of heal wounds {unknown}
 j - a potion of cure mutation {unknown}
 k - a potion of beneficial mutation {unknown}
Books
 i - a book of Ice

   Spells                             Type                      Level
   a - Ice Form                       Ice/Transmutation            4
   b - Metabolic Englaciation         Hexes/Ice                    5
   c - Ozocubu's Refrigeration        Ice                          6
   d - Bolt of Cold                   Conjuration/Ice              6
   e - Freezing Cloud                 Conjuration/Ice/Air          6
   f - Simulacrum                     Ice/Necromancy               6
Comestibles
 c - 2 bread rations
 f - a meat ration


   Skills:
 + Level 3.6 Fighting
 + Level 4.0 Short Blades
 + Level 2.5 Armour
 + Level 2.0 Dodging


You had 3 spell levels left.
You didn't know any spells.

Dungeon Overview and Level Annotations

Branches:
Dungeon (3/15)

Altars:
Okawaru
Qazlal


Message History

The gnoll closely misses you.
An adder comes into view.
The gnoll hits you from afar with a spear!
The gnoll hits you with a spear.
You see here a coppery potion.
You barely miss the gnoll. The gnoll barely misses you.
The gnoll hits you with a spear!
You hit the gnoll but do no damage.
The gnoll seems to slow down.
The gnoll closely misses you. The gnoll barely misses you.
You hit the gnoll.
The gnoll is poisoned.
The gnoll is lightly wounded.
The gnoll hits you from afar with a spear.
* * * LOW HITPOINT WARNING * * *
You hit the gnoll.
The gnoll looks even sicker.
The gnoll is moderately wounded.
The gnoll misses you. x2
You barely miss the gnoll.
The gnoll is severely wounded.
The gnoll hits you from afar with a spear!
You die...

# # ..# #. ..# .# ...#
.###... .Sg. .# ##g# ...
#.@# #..###.## #.....#
####..# #..## ##..#
##############
.#######.†###...†≈≈≈≈≈≈.≈#
............)<..##########
#####.....#..........#


You could see 2 gnolls and an adder.

Vanquished Creatures
  5 adders
  A giant mite (D:3)
  5 bats
  3 giant cockroaches
  5 goblins
  4 hobgoblins
  4 jackals (D:2)
  A quokka (D:2)
  4 giant newts
  4 kobolds
  5 rats
41 creatures vanquished.

Notes
Turn   | Place    | Note
--------------------------------------------------------------
     0 | D:1      | MaRawlith, the Human Chaos Knight, began the quest for the Orb.
     0 | D:1      | Reached XP level 1. HP: 18/18 MP: 1/1
   186 | D:1      | XOM: silly message
   217 | D:1      | Reached XP level 2. HP: 22/24 MP: 2/2
   599 | D:1      | XOM: cast spell 'Summon Butterflies'
   628 | D:2      | Reached XP level 3. HP: 29/29 MP: 3/3
   677 | D:2      | Found a stormy altar of Qazlal.
  1010 | D:2      | Reached XP level 4. HP: 25/35 MP: 4/4
  1191 | D:2      | XOM: harmless Air miscast
  1353 | D:2      | XOM: colour smoke trail
  1534 | D:3      | Reached skill level 4 in Short Blades
  1601 | D:3      | Found an iron altar of Okawaru.
  1646 | D:3      | Found a glowing drain.
  1665 | Sewer    | Entered a sewer
  1700 | D:3      | Slain by a gnoll

Action                   |  1- 3 |  4- 6 || total
-------------------------+-------+-------++-------
Melee: Short sword       |    69 |    80 ||   149
  Use: Scroll            |     5 |     3 ||     8
       Potion            |     1 |     1 ||     2
  Eat: Bread ration      |     1 |       ||     1
